 Dungeon Crawl Stone Soup version 0.29.1-1-gd02db6906a (webtiles) character file.

Game seed: 12991890579063710276

159 Descartes the Shield-Bearer (level 5, -1/42 HPs)
             Began as a Formicid Fighter on Oct 1, 2022.
             Slain by a gnoll
             ... wielding a +0 halberd
              (11 damage)
             ... on level 3 of the Dungeon.
             The game lasted 00:04:37 (1889 turns).

Descartes the Shield-Bearer (Formicid Fighter)      Turns: 1889, Time: 00:04:38

Health: -1/42      AC:  7    Str: 29    XL:     5   Next: 68%
Magic:  5/5        EV:  9    Int:  7    God:
Gold:   232        SH:  5    Dex: 13    Spells: 4/4 levels left

rFire   + . .      SeeInvis +   m - +0 hand axe of the Flying Seeker {vamp, Str+6}
rCold   + . .      Faith    .   c - +0 buckler
rNeg    . . .      Spirit   .   b - +0 scale mail
rPois   .          Reflect  .   (helmet unavailable)
rElec   .          Harm     .   f - scarf {rC+ rF+}
rCorr   .          Rampage  .   (no gloves)
Will    .....                   (no boots)
Stlth   ..........              (no amulet)
HPRegen 0.14/turn               (no ring)
MPRegen 0.09/turn               (no ring)

@: no status effects
A: permanent stasis, dig shafts and tunnels, antennae 3, four strong arms
a: Dig, Shaft Self


You were on level 3 of the Dungeon.
You visited 1 branch of the dungeon, and saw 3 of its levels.

You collected 232 gold pieces.

Inventory:

Hand Weapons
 a - a +0 war axe
 m - the +0 hand axe of the Flying Seeker (weapon) {vamp, Str+6}
   (You found it on level 2 of the Dungeon)

   It occasionally heals its wielder for a portion of the damage dealt when it
   wounds a living foe.
   Str:       It affects your strength (+6).
 u - a +0 flail of protection
Armour
 b - a +0 scale mail (worn)
 c - a +0 buckler (worn)
 f - a scarf of resistance (worn)
Jewellery
 t - a ring of resist corrosion
Wands
 r - a wand of polymorph (4)
Scrolls
 e - 3 scrolls of poison {unknown}
 g - a scroll of blinking {unknown}
 i - a scroll of fear {unknown}
 j - a scroll of magic mapping {unknown}
 l - 4 scrolls of identify {unknown}
 o - a scroll of butterflies {unknown}
 p - 3 scrolls of amnesia {unknown}
Potions
 d - 2 potions of might
 h - 3 potions of curing {unknown}
 k - a potion of mutation {unknown}
 n - a potion of lignification {unknown}
 q - a potion of flight {unknown}
Miscellaneous
 s - a piece from Xom's chessboard (15/15)


   Skills:
 + Level 3.7 Fighting
 + Level 2.4(2.8) Axes
 + Level 1.2(2.1) Maces & Flails
 + Level 1.2(2.0) Polearms
 + Level 3.7 Armour
 * Level 4.9 Shields
 + Level 1.7 Hexes
 + Level 1.1 Translocations
 + Level 1.1 Evocations


You had 4 spell levels left.
You didn't know any spells.
Your spell library contained the following spells:

 Spells                   Type           Power      Damage    Failure   Level
 Magic Dart               Conj           0%         1d3       75%         1
 Sandblast                Erth           0%         2d4       75%         1
 Shock                    Conj/Air       0%         1d3       75%         1
 Passwall                 Tmut/Erth      0%         N/A       87%         2
 Searing Ray              Conj           0%         2d4       87%         2
 Stone Arrow              Conj/Erth      0%         3d7       98%         3
 Airstrike                Air            0%         2d(0-16)  100%        4
 Fulminant Prism          Conj/Hex       0%         3d6       100%        4
 Swiftness                Air            Unusable   N/A       N/A         3

Dungeon Overview and Level Annotations

Branches:
Dungeon (3/15)

Altars:
Xom

Shops:
D:1 (


Innate Abilities, Weirdness & Mutations

You cannot be hasted, slowed, berserked, paralysed or teleported.
You can dig through walls and to a lower floor.
You have a pair of large antennae on your head. (SInv)
Your four strong arms can wield two-handed weapons with a shield.


Message History

The gnoll closely misses you.
Unknown command.
You hit the gnoll.
You kill the gnoll!
You barely miss the gnoll. You hit the gnoll.
You feel better. The gnoll hits you but does no damage.
The gnoll closely misses you.
The gnoll hits you from afar with a +0 halberd.
Unknown command.
You hit the gnoll.
You feel better.
You kill the gnoll!
You hit the gnoll.
You feel better. The gnoll barely misses you. x2
Unknown command.
You closely miss the gnoll.
The gnoll is severely wounded.
The gnoll hits you with a +0 club. The gnoll barely misses you.
Unknown command.
You slash the gnoll!
You feel better.
You kill the gnoll!
The gnoll hits you from afar with a +0 halberd!
Unknown command.
The gnoll hits you but does no damage.
Things that are here:
a +0 club; a gnoll corpse Unknown command.
You hit the gnoll.
You feel better.
The gnoll is moderately wounded.
The gnoll hits you with a +0 halberd! The gnoll closely misses you.
Unknown command.
You are too injured to fight recklessly!
Unknown command.
You are too injured to fight recklessly!
Unknown command.
You completely miss the gnoll.
The gnoll is moderately wounded.
The gnoll hits you with a +0 halberd!
* * * LOW HITPOINT WARNING * * *
You hit the gnoll but do no damage.
The gnoll is moderately wounded.
The gnoll hits you with a +0 halberd!
You die...

#.##....#..##..# #.#
#..##...##.##..#
##.#####
##..##...#.#####
#......# #..###.#..#
###.###.#
#.....#..#### .⌠ #.#
#.# ####.....#..# .##
#.# #.# .#####.#..#
...# #.# #.#
#..........##8..8# #.#
#.#
......#######))@g....#
#.# #.# . ...#...
{#........# #.# #.#
..#..#..### #........#
#.# #.# ..#..#..#..
#........# #.# #.#
.....#..#.# #........#
#.# #.# ........#.#
########## #.# #.#
<......##.### ..# #)#
#.# ........#...# #.#
#.# #.# .....#...##.#
#.####.# #.#


You could see a gnoll.

Vanquished Creatures
  Ijyb (D:3)
  An orc wizard (D:3)
  3 gnolls (D:3)
  2 adders (D:3)
  2 dart slugs
  7 orcs (D:3)
  8 ball pythons
  3 endoplasms
  2 giant cockroaches (D:2)
  5 goblins
  5 hobgoblins
  7 kobolds
  A quokka (D:2)
  2 bats (D:1)
  3 frilled lizards
  3 rats
55 creatures vanquished.

Notes
Turn   | Place    | Note
-------+----------+-------------------------------------------
     0 | D:1      | Descartes the Formicid Fighter began the quest for the Orb.
     0 | D:1      | Reached XP level 1. HP: 18/18 MP: 1/1
   154 | D:1      | Reached XP level 2. HP: 24/24 MP: 2/2
   616 | D:1      | Reached XP level 3. HP: 29/29 MP: 3/3
   691 | D:1      | Found Passol's Antique Weapon Shoppe.
  1140 | D:2      | Identified the +0 hand axe of the Flying Seeker {vamp,
                  | Str+6}
  1168 | D:2      | Reached skill level 1 in Hexes
  1206 | D:2      | Found a faded altar of an unknown god.
  1526 | D:3      | Reached XP level 4. HP: 35/35 MP: 4/4
  1598 | D:3      | Noticed Ijyb
  1608 | D:3      | Killed Ijyb
  1671 | D:3      | Reached skill level 1 in Polearms
  1674 | D:3      | Reached skill level 1 in Maces & Flails
  1678 | D:3      | Reached skill level 1 in Translocations
  1678 | D:3      | Reached skill level 1 in Evocations
  1678 | D:3      | Reached XP level 5. HP: 38/41 MP: 5/5
  1733 | D:3      | Found a shimmering altar of Xom.
  1889 | D:3      | Slain by a gnoll

Illustrated notes

Levels and vault maps discovered:
D:1:      dpeg_cavernosity, layout_basic, serial_shops, nicolae_lakefront_shop
D:2:      layout_rooms, hellmonk_ecumenical_altar_pennies_from_heaven
D:3:      minmay_evil_eye, layout_basic, xom_butterflies,
          nicolae_ru_path_of_blood, mainiacjoe_overflow_brackets,
          lemuel_doored_altar, minitemple, chequers_hall_statues_corner_a,
          uniq_ijyb

Skill      XL: |  1  2  3  4 |
---------------+-------------+-----
Hexes          | 1 |  1.7
Polearms       | 1 |  1.2
Maces & Flails | 1 |  1.2
Translocations | 1 |  1.1
Evocations     | 1 |  1.1
Fighting       | |  3.7
Axes           | |  2.4
Armour         | |  3.7
Shields        | |  4.9

Action                   |  1- 3 |  4- 6 || total
-------------------------+-------+-------++-------
Melee: War axe           |    56 |       ||    56
       Hand axe          |    33 |    53 ||    86
       Unarmed           |       |     6 ||     6
Armor: Scale mail        |    36 |    23 ||    59
       Skin              |       |     1 ||     1
Dodge: Dodged            |    42 |    32 ||    74
Block: Buckler           |    23 |    13 ||    36
